Selects Armored Support Battlegroup
Construct Light Support Kompanie
Construct Mechanized Kompanie
Panzerjäger Mechanized Group
Selects Superior Fire Drills
Selects Flammpanzer III Medium Tank
Flammpanzer III Medium Tank
Construct Panzerarmee Kommand
Flak 36 Anti-tank Gun Team
Selects Command Panzer IV F Medium Tank
Command Panzer IV F Medium Tank
Walking Stuka Rocket Launcher
18-tonne Recovery Half-track